 Dungeon Crawl Stone Soup version 0.24.0-13-gcf9b3192b9 (webtiles) character file.

Game seed: 10438474648299471854, levelgen mode: deterministic

163 ANON1729 the Chiller (level 5, -4/35 HPs)
             Began as a Barachi Ice Elementalist on Nov 9, 2019.
             Slain by Menkaure (12 damage)
             ... on level 4 of the Dungeon.
             The game lasted 00:08:05 (4391 turns).

ANON1729 the Chiller (Barachi Ice Elementalist)     Turns: 4391, Time: 00:08:06

Health: -4/35      AC:  6    Str:  6    XL:     5   Next: 44%
Magic:  10/10      EV: 12    Int: 17    God:
Gold:   242        SH:  0    Dex: 14    Spells: 3/11 levels left

rFire    . . .     SeeInvis .   t - +0 trident
rCold    + . .     Gourm    .   (no shield)
rNeg     . . .     Faith    .   r - +2 leather armour {rC+}
rPois    .         Spirit   .   (no helmet)
rElec    .         Reflect  .   (no cloak)
rCorr    .         Harm     .   (no gloves)
MR       .....                  q - +0 pair of boots
Stlth    ++........             l - amulet of rage
HPRegen  0.11/turn              x - +2 ring of dexterity
MPRegen  0.12/turn              s - -3 ring of strength (curse)

@: slow
A: +LOS, swims, slowness 1, strong legs 1
a: Hop, Evoke Berserk Rage


You were on level 4 of the Dungeon.
You were not hungry.

You visited 1 branch of the dungeon, and saw 4 of its levels.

You collected 242 gold pieces.

Inventory:

Hand Weapons
 f - a +0 dagger
 i - a +0 spear
 t - a +0 trident (weapon)
Armour
 a - a +0 robe
 q - a +0 pair of boots (worn)
 r - a +2 leather armour of cold resistance (worn)
Jewellery
 g - a +2 ring of evasion
 l - an amulet of rage (around neck)
 o - an uncursed amulet of guardian spirit {unknown}
 s - a cursed -3 ring of strength (right hand)
 u - an uncursed ring of flight
 x - a +2 ring of dexterity (left hand)
Wands
 p - a wand of iceblast (4)
Scrolls
 b - a scroll of amnesia
 d - a scroll of remove curse {unknown}
 e - a scroll of fear {unknown}
 h - 6 scrolls of teleportation
 j - 4 scrolls of identify {unknown}
 k - a scroll of random uselessness {unknown}
 n - 2 scrolls of blinking {unknown}
 y - a scroll of magic mapping {unknown}
Potions
 m - 3 potions of magic {unknown}
 v - a potion of heal wounds {unknown}
 w - a potion of lignification {unknown}
Comestibles
 c - 2 rations


   Skills:
 + Level 3.1 Dodging
 + Level 2.8 Stealth
 * Level 3.7 Spellcasting
   Level 1.1 Conjurations
 * Level 4.9 Ice Magic


You had 3 spell levels left.
You knew the following spells:

 Your Spells              Type           Power        Failure   Level  Hunger
a - Freeze                Ice            ###.         3%          1    None
b - Ozocubu's Armour      Chrm/Ice       ##......     28%         3    ###....
c - Summon Ice Beast      Ice/Summ       ##......     67%         4    ####...

Your spell library contained the following spells:

 Spells                   Type           Power        Failure   Level  Hunger
 Throw Frost              Conj/Ice       ##....       11%         2    ##.....
 Throw Icicle             Conj/Ice       ##......     58%         4    ####...


Dungeon Overview and Level Annotations

Branches:
Dungeon (4/15)
 Temple: D:4-7

Altars:
Nemelex Xobeh
Sif Muna

Annotations:
D:3 2 transporters
D:4 Menkaure


Innate Abilities, Weirdness & Mutations

Shadows flee at your approach. (+LOS)
You can swim through water.
You cover ground slowly.
You can hop short distances.


Message History

Aim: Menkaure (heavily damaged, fast)
You reach to attack!
You hit Menkaure.
Menkaure is heavily damaged.
Unknown command.
Attack whom?
Press: ? - help, Dir - move target cursor, f/p - Menkaure
Aim: Menkaure (heavily damaged, fast)
You hit Menkaure.
Menkaure is heavily damaged.
Menkaure hits you! x2
* * * LOW HITPOINT WARNING * * *
Menkaure is nearby!
Evoke which item? (* to show all) (? for menu, Esc to quit)
Aiming: Iceblast
Press: ? - help, Shift-Dir - straight line, p - Menkaure The mass of ice explodes!
The iceblast engulfs Menkaure.
Menkaure partially resists.
Menkaure is severely damaged.
Menkaure hits you!
You die...

#### ...
####+#####.#
...........###
..M.......#..
.......#M.#.#
###### #@.#.##
#.....# .
#.....##..
#.........
#......... #.
#.......## #.
#.#...### #.
#.#...# #.
#.##.####


You could see Menkaure.

Vanquished Creatures
  Jessica (D:2)
  3 adders
  3 oozes
  2 worms (D:2)
  3 dart slugs
  4 leopard geckos
  8 orcs (D:3)
  5 bats
  3 giant cockroaches
  8 hobgoblins
  5 jackals
  9 kobolds
  2 quokkas
  4 frilled lizards
  7 goblins
  7 rats
74 creatures vanquished.

Notes
Turn   | Place    | Note
-------+----------+-------------------------------------------
     0 | D:1      | ANON1729 the Barachi Ice Elementalist began the quest for
                  | the Orb.
     0 | D:1      | Reached XP level 1. HP: 13/13 MP: 3/3
   323 | D:1      | Reached XP level 2. HP: 11/19 MP: 5/5
   667 | D:1      | Reached skill level 4 in Ice Magic
   669 | D:1      | Reached XP level 3. HP: 13/24 MP: 7/7
  1319 | D:1      | Found a sparkling altar of Nemelex Xobeh.
  2286 | D:2      | Reached XP level 4. HP: 27/30 MP: 8/8
  2761 | D:2      | Noticed Jessica
  2772 | D:2      | Killed Jessica
  3039 | D:3      | Noticed a kobold demonologist
  3058 | D:3      | Found a transporter.
  3273 | D:3      | Learned a level 3 spell: Ozocubu's Armour
  3278 | D:3      | Learned a level 4 spell: Summon Ice Beast
  3295 | D:3      | Found a transporter.
  3298 | D:3      | Reached XP level 5. HP: 35/35 MP: 10/10
  3643 | D:3      | Found a faded altar of an unknown god.
  4268 | D:3      | Found a shimmering blue altar of Sif Muna.
  4377 | D:4      | Noticed Menkaure
  4391 | D:4      | Slain by Menkaure

Levels and vault maps discovered:
D:1:      matt_arrival_diagonals, layout_basic, nemelex_diamond_rough_becter
D:2:      layout_basic, uniq_jessica
D:3:      gammafunk_wand_slinger, layout_rooms, nicolae_overflow_hidden_temple,
          first_ration, chequers_ecumenical_altar_simple, minmay_quantized
D:4:      cheibrodos_barr_body, layout_loops_ring,
          gammafunk_temple_overflow_elements, gup_ossuary_entry_pyramid,
          serial_shops, nicolae_shop_waterfront, due_unseen_surprise,
          uniq_menkaure

Skill      XL: |  1  2  3  4  5 |
---------------+----------------+-----
Stealth        | 2 |  2.8
Ice Magic      | 4 |  4.9
Spellcasting   | 3 |  3.7
Dodging        | 3 |  3.1
Conjurations   | |  1.1

Action                   |  1- 3 |  4- 6 || total
-------------------------+-------+-------++-------
Melee: Unarmed           |     8 |       ||     8
       Dagger            |    16 |       ||    16
       Spear             |    59 |    72 ||   131
       Trident           |       |    65 ||    65
 Cast: Freeze            |    34 |    39 ||    73
 Abil: Hop               |       |     1 ||     1
Evoke: Wand              |       |     2 ||     2
  Use: Scroll            |       |     2 ||     2
       Potion            |       |     2 ||     2
 Stab: Sleeping          |     2 |     3 ||     5
  Eat: Chunk             |     4 |     3 ||     7
       Ration            |       |     2 ||     2
Armor: Robe              |     6 |    23 ||    29
       Leather armour    |       |     5 ||     5
Dodge: Dodged            |    78 |   138 ||   216
